 Dungeon Crawl Stone Soup version 0.21.0-25-ge575cb9 (webtiles) character file.

45 troglodite the Charmwright (level 3, 0/31 HPs)
             Began as a Gnoll Skald on Jan 23, 2018.
             Succumbed to a kobold's poison
             ... while paralysed
             ... on level 2 of the Dungeon.
             The game lasted 00:04:17 (1156 turns).

troglodite the Charmwright (Gnoll Skald)            Turns: 1156, Time: 00:04:18

Health: 0/31       AC:  7    Str:  8 (10) XL:     3   Next: 64%
Magic:  9/9        EV:  2    Int: 18 (20) God:
Gold:   124        SH:  0    Dex: 13 (15) Spells: 5/12 levels left

rFire    . . .     SeeInvis .   a - +0 falchion
rCold    . . .     Gourm    .   (no shield)
rNeg     . . .     Faith    .   k - +0 ring mail
rPois    .         Spirit   .   (no helmet)
rElec    .         Reflect  .   (no cloak)
rCorr    .         Harm     .   g - +1 pair of gloves
MR       .....                  (no boots)
Stlth    +.........             (no amulet)
HPRegen  0.10/turn              h - -3 ring of strength (curse)
MPRegen  0.11/turn              (no ring)

@: paralysed, brilliant, lethally poisoned (0 -> -17), berserk cooldown, hasted
and slowed
A: distributed training, fangs 1, strong nose
a: no special abilities


You were on level 2 of the Dungeon.
You were not hungry.

You visited 1 branch of the dungeon, and saw 2 of its levels.

You collected 124 gold pieces.

Inventory:

Hand Weapons
 a - a +0 falchion (weapon)
Armour
 b - a +0 leather armour
 g - a +1 pair of gloves (worn)
 k - a +0 ring mail (worn)
 p - a +0 buckler
Jewellery
 h - a cursed -3 ring of strength (left hand)
Scrolls
 e - 2 scrolls of identify {unknown}
 f - 2 scrolls of remove curse {unknown}
 i - a scroll of blinking {unknown}
Potions
 j - a potion of haste
 m - a potion of degeneration
Books
 c - a book of Battle

   Spells                             Type                      Level
   a - Infusion                       Charms                       1
   b - Shroud of Golubria             Charms/Translocation         2
   c - Song of Slaying                Charms                       2
   d - Spectral Weapon                Hexes/Charms                 3
   e - Regeneration                   Charms/Necromancy            3
Comestibles
 d - 2 rations
 n - 3 chunks of flesh


   Skills:
 + Level 4.5 Fighting
 + Level 0.8 Short Blades
 + Level 4.5 Long Blades
 + Level 0.8 Axes
 + Level 0.8 Maces & Flails
 + Level 0.8 Polearms
 + Level 0.8 Staves
 + Level 0.8 Slings
 + Level 0.8 Bows
 + Level 0.8 Crossbows
 + Level 0.8 Throwing
 + Level 2.6 Armour
 + Level 4.5 Dodging
 + Level 0.8 Stealth
 + Level 0.8 Shields
 + Level 0.8 Unarmed Combat
 + Level 5.0 Spellcasting
 + Level 0.5 Conjurations
 + Level 0.5 Hexes
 + Level 5.4 Charms
 + Level 0.5 Summonings
 + Level 0.5 Necromancy
 + Level 0.5 Translocations
 + Level 0.5 Transmutations
 + Level 0.5 Fire Magic
 + Level 0.5 Ice Magic
 + Level 0.5 Air Magic
 + Level 0.5 Earth Magic
 + Level 0.5 Poison Magic
 + Level 1.0 Invocations
 + Level 0.8 Evocations


You had 5 spell levels left.
You knew the following spells:

 Your Spells              Type           Power        Failure   Level  Hunger
a - Infusion              Chrm           ####         1%          1    None
b - Spectral Weapon       Hex/Chrm       ####....     4%          3    ##.....
c - Regeneration          Chrm/Necr      ####......   4%          3    ##.....


Dungeon Overview and Level Annotations

Branches:
Dungeon (2/15)

Altars:


Innate Abilities, Weirdness & Mutations

Your experience applies equally to all skills.
You have very sharp teeth.
Your uncanny sense of smell can sniff out nearby items.


Message History

You feel sick.
You are too berserk!
You feel a strong urge to attack something.
* * * LOW HITPOINT WARNING * * *
You feel sick.
* * * LOW HITPOINT WARNING * * *
You feel sick.
You feel your anger nearly subside.
* * * LOW HITPOINT WARNING * * *
You feel sick.
You are no longer berserk.
You pass out from exhaustion.
You feel yourself slow down.
* * * LOW HITPOINT WARNING * * *
You feel sick.
* * * LOW HITPOINT WARNING * * *
You feel sick.
* * * LOW HITPOINT WARNING * * *
You feel sick.
You die...

#.........# #...
#.........# #...
#.........# #...
#..(......# #...
####.......## ##...
#....(((..######....
##......(.........#..
####.........####.......
......)@.....###........
#.#.#.)########.......>.
......# #.........
#.#.#. #......... .....
#......... #.#.#
#........) ....
##........ #.#.
##....... ##..#.##


There were no monsters in sight!

Vanquished Creatures
  A gnoll (D:1)
  An ooze (D:1)
  2 worms (D:2)
  A dart slug (D:1)
  A ball python (D:1)
  2 giant cockroaches
  4 goblins
  2 hobgoblins (D:1)
  7 kobolds
  4 rats
25 creatures vanquished.

Notes
Turn   | Place    | Note
-------+----------+-------------------------------------------
     0 | D:1      | troglodite the Gnoll Skald began the quest for the Orb.
     0 | D:1      | Reached XP level 1. HP: 20/20 MP: 6/6
    69 | D:1      | Reached XP level 2. HP: 17/26 MP: 7/7
   433 | D:1      | Reached XP level 3. HP: 25/31 MP: 9/9
   451 | D:1      | Learned a level 3 spell: Spectral Weapon
   455 | D:1      | Learned a level 3 spell: Regeneration
   478 | D:1      | Reached skill level 5 in Spellcasting
  1008 | D:2      | Reached skill level 1 in Invocations
  1155 | D:2      | HP: 1/31 [poisoned by a kobold]
  1156 | D:2      | Succumbed to a kobold's poison

Skill      XL: |  1  2  3 |
---------------+----------+-----
Spellcasting   | 5 |  5.0
Invocations    | 1 |  1.0
Fighting       | |  4.5
Short Blades   | |  0.8
Long Blades    | |  4.5
Axes           | |  0.8
Maces & Flails | |  0.8
Polearms       | |  0.8
Staves         | |  0.8
Slings         | |  0.8
Bows           | |  0.8
Crossbows      | |  0.8
Throwing       | |  0.8
Armour         | |  2.6
Dodging        | |  4.5
Stealth        | |  0.8
Shields        | |  0.8
Unarmed Combat | |  0.8
Conjurations   | |  0.5
Hexes          | |  0.5
Charms         | |  5.4
Summonings     | |  0.5
Necromancy     | |  0.5
Translocations | |  0.5
Transmutations | |  0.5
Fire Magic     | |  0.5
Ice Magic      | |  0.5
Air Magic      | |  0.5
Earth Magic    | |  0.5
Poison Magic   | |  0.5
Evocations     | |  0.8

Action                   || total
-------------------------++-------
Melee: Falchion          ||   101
       Bite              ||    18
  Use: Potion            ||     4
  Eat: Chunk             ||     1
Armor: Leather armour    ||     6
       Ring mail         ||    27
Dodge: Dodged            ||    72
       Rpst.: Falchion   ||    17
